Cogmind - Beta 15 @@@ ROGUE MODE // 2025.07.17 @ 19:30:59 Player: Birbsy Result: Destroyed by G-47 Trooper with Particle Gun Performance ------------- Evolutions (2) 1000 Regions Visited (4) 800 Robots Destroyed (7) 35 Value Destroyed (335) 335 Prototype IDs (1) 20 Alien Tech Used (0) 0 Bonus (467) 467 TOTAL SCORE: 2657 Bonus ------- Pacifist 470 Friendly Fire -3 Cogmind --------- Core Integrity 0/550 Matter 183/300 Energy 99/100 System Corruption 0% Temperature Cool (9) Movement Core (350) Ox6 Location -8/Materials Parts ------- > --- POWER (1) -------- (None) > --- PROPULSION (3) --- (None) > --- UTILITY (5) ------ Large Storage Unit Terrain Scan Processor Improved Targeting Computer > --- WEAPON (2) ------- (None) > --- INVENTORY (15) --- Deuterium Engine Flight Unit VTOL Module Small Storage Unit Large Storage Unit Medium Matter Pod (100) Improved Utility Shielding Peak State ------------ > --- POWER ------------ Improved Ion Engine > --- PROPULSION ------- Wheel Wheel Flight Unit > --- UTILITY ---------- Heat Sink Large Storage Unit Terrain Scan Processor Shock Absorption System > --- WEAPON ----------- Beam Rifle Particle Cannon > --- INVENTORY -------- Ion Engine Light Ion Engine Flight Unit VTOL Module Small Storage Unit Large Storage Unit Medium Matter Pod Assault Rifle Light Assault Rifle Grenade Launcher [Rating: 18] Favorites ----------- Power Light Ion Engine Engine Light Ion Engine Propulsion Wheel Wheel Wheel Flight Unit Flight Unit Utility Large Storage Unit Device Heat Sink Storage Large Storage Unit Processor Terrain Scan Processor Hackware System Shield Protection Light Armor Plating Weapon Assault Rifle Energy Gun Beam Rifle Energy Cannon Particle Cannon Ballistic Gun Assault Rifle Launcher Grenade Launcher Build | -11 -10 -9 -9 -8 ------- Run | Yrd Mat Mat Min Mat Slots Evolved 4 | . . 2 . 2 Power . | . . . . . Propulsion 1 | . . . . 1 Utility 3 | . . 2 . 1 Weapon . | . . . . . Parts Attached 29 | 6 1 1 7 14 Power 5 | 1 . . 2 2 Engine 5 | 1 . . 2 2 Core . | . . . . . Reactor . | . . . . . Propulsion 7 | 2 . . 3 2 Treads . | . . . . . Leg . | . . . . . Wheel 5 | 2 . . 1 2 Hover . | . . . . . Flight 2 | . . . 2 . Utility 9 | 1 1 1 1 5 Device 3 | . . . 1 2 Storage 2 | 1 1 . . . Processor 2 | . . 1 . 1 Hackware 1 | . . . . 1 Protection 1 | . . . . 1 Artifact . | . . . . . Weapon 8 | 2 . . 1 5 Energy Gun 1 | . . . . 1 Energy Cannon 1 | . . . . 1 Ballistic Gun 5 | 2 . . . 3 Ballistic Cannon . | . . . . . Launcher 1 | . . . 1 . Special Weapon . | . . . . . Impact Weapon . | . . . . . Slashing Weapon . | . . . . . Piercing Weapon . | . . . . . Special Melee Weapon . | . . . . . Unidentified Prototypes 1 | . . . 1 . Parts Lost 24 | . . . 4 20 Power 4 | . . . . 4 Propulsion 7 | . . . 3 4 Utility 5 | . . . . 5 Weapon 8 | . . . 1 7 Highest Loss Streak 8 | . . . 3 8 To Critical Strikes 1 | . . . . 1 Average Backups 8 | 1 4 7 12 9 Power 1 | . 1 1 2 1 Propulsion 1 | . . . 3 2 Utility 2 | . 1 2 3 3 Weapon 2 | . 1 2 4 2 Tool/Special . | . . . . . Unused Backups 5 | . . . . 5 Power 1 | . . . . 1 Propulsion 2 | . . . . 2 Utility 2 | . . . . 2 Weapon . | . . . . . Tool/Special . | . . . . . Average Slot Usage (%) 73 | . 85 69 71 69 Engine 10 | . 14 11 11 6 Wheel 15 | . 28 22 8 10 Flight 4 | . . . 13 4 Device 5 | . . . 1 12 Storage 10 | . 14 11 11 9 Processor 7 | . . 3 11 10 Energy Gun 2 | . . . . 5 Energy Cannon 2 | . . . . 5 Ballistic Gun 12 | . 28 22 7 2 Launcher 1 | . . . 7 . Peak Build Rating 18 | 6 7 9 11 18 Average Rating 9 | 4 6 7 9 13 On Entrance 6 | . 6 6 9 10 Naked Turns . | . . . . . Heaviest Build 38 | 12 27 27 31 38 Greatest Support 26 | 26 26 26 26 20 Greatest Overweight (x) 9 | . 1 1 3 9 Average Overweight (x) 1 | . . 1 1 2 Largest Inventory Capacity 15 | 8 15 15 15 15 Average Capacity 14 | 6 14 15 15 15 Most Carried 13 | 2 5 11 13 12 Average Carried 8 | 1 4 7 12 9 Final Capacity 15 | 8 15 15 15 15 Final Carried 12 | 2 5 11 12 7 Class Distribution -------------------- 77% | Mutant 22% | Scavenger-Mutant Dominant Class ---------------- Mutant | -10/Materials Mutant | -9/Materials Mutant | -9/Mines Mutant | -8/Materials Resources | -11 -10 -9 -9 -8 ----------- Run | Yrd Mat Mat Min Mat Matter Collected 574 | 114 . 164 220 76 Remotely . | . . . . . Salvage Created 338 | . . . . 338 Parts 18 | . . . . 18 Haulers Intercepted . | . . . . . Recyclers Shooed 1 | . . 1 . . Parts Field Recycled . | . . . . . Retrieved Matter . | . . . . . Parts Self-Destructed . | . . . . . Prevented . | . . . . . Kills | -11 -10 -9 -9 -8 ------- Run | Yrd Mat Mat Min Mat Combat Hostiles Destroyed 7 | . . . . 7 Guns 4 | . . . . 4 Cannons 2 | . . . . 2 AOE 1 | . . . . 1 Classes Destroyed 2 | . . . . 2 Grunt 5 | . . . . 5 Sentry 2 | . . . . 2 Best Kill Streak 2 | . . . . 2 Combat Bots Only 2 | . . . . 2 Max Kills in Single Turn 1 | . . . . 1 Gunslinging . | . . . . . Exploded 1 | . . . . 1 Melee . | . . . . . Uniques/NPCs Destroyed . | . . . . . Combat | -11 -10 -9 -9 -8 -------- Run | Yrd Mat Mat Min Mat Hostile Shots Fired 182 | . 17 6 2 157 Missed 54 | . 7 2 1 44 Hits 128 | . 10 4 1 113 Projectile 128 | . 10 4 1 113 AOE 9 | . . . 9 . Critical Strikes 8 | . . . . 8 Damage Taken 2307 | . 107 51 398 1751 Core 672 | . 45 21 48 558 Absorbed by Shields . | . . . . . Core Remaining (%) 88 | 100 82 . 82 . Volleys Fired 41 | . . . 5 36 Largest 2 | . . . 1 2 Hottest 124 | . . . 30 124 Shots Fired 62 | . . . 6 56 Gun 42 | . . . . 42 Cannon 13 | . . . . 13 Launcher 7 | . . . 6 1 Special . | . . . . . Kinetic 33 | . . . . 33 Thermal 22 | . . . . 22 Explosive 7 | . . . 6 1 Electromagnetic . | . . . . . Robot Hit Streak 15 | . . . 4 15 Robot Miss Streak 3 | . . . 2 3 Penetration Max . | . . . . . Secondary Targets 2 | . . . . 2 Max Gunslinging Chain 1 | . . . . 1 Shots Hit Robots 49 | . . . 4 45 Core Hits 24 | . . 1 7 16 Critical Kills . | . . . . . Critical Parts Destroyed . | . . . . . Critical Strikes 1 | . . . . 1 Burn 1 | . . . . 1 Melee Attacks . | . . . . . Impact . | . . . . . Slashing . | . . . . . Piercing . | . . . . . Sneak Attacks . | . . . . . Combat Hostiles . | . . . . . Follow-up Attacks . | . . . . . Damage Inflicted 806 | . . 18 62 726 Guns 457 | . . . . 457 Cannons 226 | . . . . 226 Explosions 100 | . . . 57 43 Melee . | . . . . . Ramming 23 | . . 18 5 . Kinetic 370 | . . . . 370 Thermal 313 | . . . . 313 Explosive 100 | . . . 57 43 Electromagnetic . | . . . . . Impact . | . . . . . Slashing . | . . . . . Piercing . | . . . . . Highest Corruption 6 | . 4 . 6 . Average Corruption 5 | . 2 . 5 . Corruption Purged . | . . . . . Corruption Blocked . | . . . . . Effects 8 | . . . 8 . Matter Fused 2 | . . . 2 . Heat Flow Errors 2 | . . . 2 . Energy Discharges 1 | . . . 1 . Data Loss (minor) 2 | . . . 2 . Misfires 1 | . . . 1 . Overload Shots . | . . . . . Overflow Damage 13 | . . . 12 1 Projectiles 1 | . . . . 1 Explosions 12 | . . . 12 . Melee . | . . . . . Knockbacks . | . . . . . Impact . | . . . . . Kinetic . | . . . . . Secondary . | . . . . . Self-Inflicted Damage 72 | . . 9 28 35 Shots 2 | . . . 1 1 Rammed 5 | . . 3 2 . Targets Rammed 5 | . . 3 2 . Kicked . | . . . . . Crushed . | . . . . . Highest Temperature 224 | . . . 224 66 Average Temperature 45 | . . . 97 26 Received Heat Transfer 1143 | . 60 24 6 1053 Siege Activations . | . . . . . Martial Activations . | . . . . . Shielding Activations . | . . . . . Robots Disrupted . | . . . . . Combat Hostiles . | . . . . . Robots Corrupted . | . . . . . Combat Hostiles . | . . . . . Parts Fried . | . . . . . Impact Corruptions . | . . . . . Robots Melted . | . . . . . Combat Hostiles . | . . . . . Parts Melted 1 | . . . . 1 Heat Transferred 703 | . . . . 703 Parts Sabotaged . | . . . . . Parts Stolen . | . . . . . Parts Stripped . | . . . . . Power Chain Reactions . | . . . . . Alert | -11 -10 -9 -9 -8 ------- Run | Yrd Mat Mat Min Mat Maximum Alert Level . | . . . . . Low Security (%) 100 | 100 100 100 100 100 Level 1 . | . . . . . Level 2 . | . . . . . Level 3 . | . . . . . Level 4 . | . . . . . Level 5 . | . . . . . High Security . | . . . . . Max Security . | . . . . . Peak Influence 50 | . 15 9 5 50 Initial 1 | . . 1 . . Average 4 | . 2 . . 9 Influence Increases 284 | . 45 9 20 210 Destroy 0b10 Robot/C 140 | . . . . 140 Destroy Leader 40 | . . . . 40 Successful Hack 16 | . . 9 . 7 Disable Machine 15 | . . . . 15 Destroy Structure 28 | . . . 20 8 Lose Combat Pursuer 45 | . 45 . . . Influence Decreases 284 | . 40 14 18 212 Entered New Map 6 | . . 4 . 2 Time Decay 136 | . 40 10 4 82 Lost Part 142 | . . . 14 128 Squads Dispatched 6 | . 2 1 1 2 Investigation 3 | . 1 1 . 1 Extermination . | . . . . . Reinforcement 3 | . 1 . 1 1 Assault . | . . . . . Garrison . | . . . . . Intercept . | . . . . . Searches Triggered . | . . . . . Construction Impeded 1 | . . . 1 . Haulers Reinforced . | . . . . . Active Scanning Responses . | . . . . . Cargo Convoy Interrupts . | . . . . . Stealth | -11 -10 -9 -9 -8 --------- Run | Yrd Mat Mat Min Mat Distress Signals 6 | . 1 2 1 2 Communications Jammed . | . . . . . Distress Signals . | . . . . . Times Spotted 32 | . 13 2 4 13 Peak Tracking Total 7 | . 7 2 2 7 Tactical Retreats 3 | . 3 . . . Traps | -11 -10 -9 -9 -8 ------- Run | Yrd Mat Mat Min Mat Traps Triggered 5 | . 3 1 . 1 Indirectly . | . . . . . Trap Hack Attempts . | . . . . . Triggered . | . . . . . Disarmed . | . . . . . Reprogrammed . | . . . . . Reused . | . . . . . Traps Extracted . | . . . . . Installed . | . . . . . Triggered . | . . . . . Machines | -11 -10 -9 -9 -8 ---------- Run | Yrd Mat Mat Min Mat Machines Disabled 1 | . . . . 1 Max in Single Turn 1 | . . . . 1 Machines Repaired . | . . . . . Machines Dismantled . | . . . . . Machines Sabotaged . | . . . . . Overloaded Fab Kills . | . . . . . Hacking | -11 -10 -9 -9 -8 --------- Run | Yrd Mat Mat Min Mat Machines Accessed 4 | . 1 2 . 1 Terminals 3 | . 1 1 . 1 Fabricators . | . . . . . Repair Stations . | . . . . . Recycling Units 1 | . . 1 . . Scanalyzers . | . . . . . Garrison Access . | . . . . . Total Hacks 11 | . 1 5 . 5 Successful 6 | . . 4 . 2 Failed 5 | . 1 1 . 3 Catastrophic . | . . . . . Database Lockouts . | . . . . . Manual . | . . . . . Terminals 8 | . 1 2 . 5 Fabricators . | . . . . . Repair Stations . | . . . . . Recycling Units 3 | . . 3 . . Scanalyzers . | . . . . . Garrison Access . | . . . . . Terminal Hacks 4 | . . 2 . 2 Alert Level 1 | . . . . 1 Dispatch Records 1 | . . 1 . . Recall Investigation 1 | . . . . 1 Zone Layout 1 | . . 1 . . Fabricator Hacks . | . . . . . Repair Station Hacks . | . . . . . Recycling Unit Hacks 2 | . . 2 . . Report Inventory 1 | . . 1 . . Retrieve Components 1 | . . 1 . . Scanalyzer . | . . . . . Garrison Access Hacks . | . . . . . Unauthorized Hacks . | . . . . . Terminals . | . . . . . Fabricators . | . . . . . Repair Stations . | . . . . . Recycling Units . | . . . . . Scanalyzers . | . . . . . Garrison Access . | . . . . . Data Cores Recovered . | . . . . . Used . | . . . . . Hacking Detections 1 | . . 1 . . Full Trace Events . | . . . . . Feedback Events . | . . . . . Feedback Blocked . | . . . . . Robot Schematics Acquired . | . . . . . Robots Built . | . . . . . Authchips . | . . . . . Time . | . . . . . Total Robot Build Rating . | . . . . . Part Schematics Acquired . | . . . . . Parts Built . | . . . . . Authchips . | . . . . . Time . | . . . . . Total Part Build Rating . | . . . . . Parts Repaired . | . . . . . Time . | . . . . . Parts Recycled . | . . . . . Recycled Matter . | . . . . . Retrieved Matter . | . . . . . Retrieved Components 1 | . . 1 . . Parts Scanalyzed . | . . . . . Part Schematics Acquired . | . . . . . Parts Damaged . | . . . . . Bothacking | -11 -10 -9 -9 -8 ------------ Run | Yrd Mat Mat Min Mat Used RIF Installer . | . . . . . Robots Hacked . | . . . . . Non-combat . | . . . . . Combat . | . . . . . Robot Hacks Applied . | . . . . . Relay Couplers Released . | . . . . . Fabnet Peak Effective % . | . . . . . Robots Rewired . | . . . . . Allies Hacked . | . . . . . Hacks Repelled . | . . . . . Allies | -11 -10 -9 -9 -8 -------- Run | Yrd Mat Mat Min Mat Total Allies . | . . . . . Largest Group . | . . . . . Highest-Rated Group . | . . . . . Highest-Rated Ally . | . . . . . Total Orders . | . . . . . Ally Attacks . | . . . . . Total Damage . | . . . . . Kills . | . . . . . Allies Corrupted . | . . . . . Allies Melted . | . . . . . Intel | -11 -10 -9 -9 -8 ------- Run | Yrd Mat Mat Min Mat Active Infowar (turns) . | . . . . . Robot Analysis Total . | . . . . . Derelict Logs Recovered . | . . . . . Drone Launches . | . . . . . Drone Recoveries . | . . . . . Exploration | -11 -10 -9 -9 -8 ------------- Run | Yrd Mat Mat Min Mat Turns Passed 1433 | 60 302 210 295 566 Spaces Moved 917 | 57 272 190 150 248 Core 41 | 6 . . . 35 Treads . | . . . . . Legs . | . . . . . Wheels 813 | 51 272 190 87 213 Hover . | . . . . . Flight 63 | . . . 63 . Fastest Speed 50 | 50 90 105 105 95 Average Speed 124 | 86 103 105 177 140 Slowest Speed 500 | 100 105 105 277 500 Overloaded Moves . | . . . . . Propulsion Burnouts . | . . . . . Robots Hopped . | . . . . . Potential Cave-ins . | . . . . . Cave-ins Triggered . | . . . . . Exploration Rate (%) 25 | 3 39 18 48 17 Regions Visited 4 Branch Regions 1 Pre-discovered Areas . | . . . . . Known Exits Taken . | . . . . . Unknown Exits Taken 4 | 1 1 1 1 . Scrap Searched . | . . . . . Spaces Dug . | . . . . . Terrain Destroyed 57 | . . . 50 7 Melee . | . . . . . Projectile . | . . . . . AOE 57 | . . . 50 7 Terrain Rammed . | . . . . . Walls Destroyed . | . . . . . Machines Disabled . | . . . . . Actions | -11 -10 -9 -9 -8 --------- Run | Yrd Mat Mat Min Mat Total 1136 | 64 292 199 169 412 Wait 122 | . 17 . . 105 Move 913 | 56 271 189 149 248 Hop . | . . . . . Pick Up 20 | 2 2 6 5 5 Fast Attach 15 | 6 1 1 1 6 Attach 14 | . . . 4 10 Detach 1 | . 1 . . . Swap 4 | . . . 2 2 Drop 1 | . . . 1 . Fire 41 | . . . 5 36 Melee . | . . . . . Ram 5 | . . 3 2 . Kick . | . . . . . Crush . | . . . . . Escape Stasis . | . . . . . Rewire . | . . . . . Trap . | . . . . . Miscellaneous . | . . . . . Route ------- -11/Scrapyard -10/Materials (discovered 2 exits: *Mat / [*Min]) -9/Materials -9/Mines -8/Materials History --------- Turn | Location | Event 15 | -11/Scrapyard | Discovered new exit (range 16) 61 | -11/Scrapyard | Entered Materials 196 | -10/Materials | Discovered new exit (range 15) 300 | -10/Materials | Build established: Mutant 358 | -10/Materials | Discovered new exit (range 4) 363 | -10/Materials | Entered another Materials area 363 | -9/Materials | Evolved 2 slots: Utility x2 482 | -9/Materials | Met 8R-AWN 484 | -9/Materials | Discovered new exit (range 15) 573 | -9/Materials | Entered Mines 575 | -9/Mines | Followed 8R-AWN into the Mines 654 | -9/Mines | Assembled infested the area 659 | -9/Mines | Assisted by a Guerilla fighting off Assembled 709 | -9/Mines | Lost 3 parts (2n1w) 762 | -9/Mines | Discovered new exit (range 15) 868 | -9/Mines | Entered Materials 868 | -8/Materials | Evolved 2 slots: Propulsion x1, Utility x1 1118 | -8/Materials | Build established: Scavenger-Mutant 1179 | -8/Materials | Lost 3 parts (1p2n) 1278 | -8/Materials | Lost 8 parts (2p1n2u3w) 1329 | -8/Materials | Core integrity fell below 50% 1387 | -8/Materials | Lost 6 parts (1p1n4w) 1396 | -8/Materials | Core integrity fell below 20% 1434 | -8/Materials | Destroyed by G-47 Trooper with Particle Gun Last Messages --------------- 01321_ Lgt. Ion Engine destroyed. 01323_ Beam Rifle destroyed. 01325_ Atomic Centrifuge disabled. 01327_ Assault Rifle destroyed. 01328_ G-47 Trooper destroyed. 01331_ The unstable cave ceiling collapses. 01350_ W-25 Informer sends out distress signal. 01356_ Grenade Launcher destroyed. 01358_ Acquired Imp. Targeting Computer. 01373_ Acquired Imp. Utility Shielding. 01416_ Heat Sink destroyed. 01416_ Connecting with Terminal... 01416_ Current location identified: Materials >>Alert(Check) Current Alert Level: Low Security >>Recall(Investigation) Establishing remote squad link... No tasked investigation squads found. 01418_ System Shield destroyed. 01418_ Critical hit (Burn: +37). Map ----- +----------------------------------------------------+ | ??????????????????????????????? | | ??????????????????????????????? | | ??????????????????????????????? | | ??????????????????????????????? | | ????????????????????????####### | | ????????????????????????# | | ????????????????????????#" "" | | ????????????????????????#" "" | | ????????????????????????#" "" | | ????????????????????????#T | | ????????????????????????#" " | | ????????????????????????#" " | | ?????????????????########" = " | | ?????????????????# "" # [ % | | ?????????????????# ""S #####/# | | ?????????????????# "" #[%[%[% | | ?????????????????# #*=%=== | | ?????????????????# / !##+# | | ?????????????????# #!!#??? | | ??????????????########### ##?? | | ????###+####### ##### #?? | | ????# #?? | | ????# #?? | | ?######+####### ##### #?? | | ?# a T # #########?? | | ?# @ # =% #??? | | ?# """"" g """ #??? | | ?#= """"" ! """ #??? | | ?# """"" # " "" #??? | | ?# # #??? | | ?###########################??? | | | | | | | | | | | | | | | | | | | | | | | | | | | | | | | | | | | | | | | +----------------------------------------------------+ Best States ------------- Heat Dissipation 51 Energy Generation 12 Energy Capacity 265 Matter Stores 300 Matter Capacity 300 Sight Range 16 Terrain Scan Density 85 Armor Coverage 150 Resistance: EX 25 Evasion (%) 42 Targeting Accuracy 6 Defensive Hacking 10 Item Schematics ----------------- None Robot Schematics ------------------ None Fabricated ------------ Nothing Repaired ---------- Nothing Alien Tech Used ----------------- None Achievements -------------- Maybe Next Time I'll Detach My Launcher Challenges ------------ None Game ------ Seed UltimateDecoyNanoactuators Manual? 0 Play Time 00:21:45 Cumulative 4.7 hours Start 2025.07.17 @ 19:08:53 End 2025.07.17 @ 19:30:59 Sessions 1 Manual Loads 0 Difficulty Rogue Special Mode None Game No. 4 Rogue 4 Adventurer 0 Explorer 0 Win Type - Total 0 Types 0/0/0/0/0/0/0/0/0/0 Lore% 3 Gallery% 10 Achievement% 12 Wizard Run 0 Options --------- Layout 1 ASCII 0 Keyboard 1 Movement Arrows Keybinds 0 Fullscreen 1 Font 24/Terminus Map View 25x17 Zoom Use 99% Tactical HUD 1 Map Filters NONE Filters NONE Steam 0 RUN: cbb67fd2-4bb9-48a7-9d66-2946210c8218